 Dungeon Crawl Stone Soup version 0.32-a0-41-gec2d92a32c (webtiles) character file.

Game seed: 5233541433245785005

702 whatisthis the Trooper (level 7, 0/56 HPs)
             Began as a Human Brigand on Jan 25, 2024.
             Slain by a steam dragon (1 damage)
             ... on level 6 of the Dungeon.
             The game lasted 00:11:07 (4395 turns).

whatisthis the Trooper (Human Brigand)              Turns: 4395, Time: 00:11:08

Health: 0/56       AC:  6    Str: 20    XL:     7   Next: 66%
Magic:  7/7        EV: 11    Int: 12    God:
Gold:   222        SH:  5    Dex: 20    Spells: 6/6 levels left

rFire   . . .        B - +3 long sword of the Immovable Orbs {elec, Will- rCorr Str+3 Dex+4}
rCold   . . .        r - +0 buckler
rNeg    . . .        j - +0 ring mail
rPois   .            (no helmet)
rElec   .            c - +0 cloak
rCorr   +            (no gloves)
SInv    +            (no boots)
Will    .....        (no amulet)
Stlth   ++           D - ring of see invisible
HPRegen 0.29/turn    z - +6 ring of strength
MPRegen 0.10/turn

%: no passive effects
@: no status effects
A: explore regen
a: no special abilities


You were on level 6 of the Dungeon.
You visited 1 branch of the dungeon, and saw 6 of its levels.

You collected 222 gold pieces.

Inventory:

Hand Weapons
 p - a +0 rapier
 y - a +0 long sword
 B - the +3 long sword of the Immovable Orbs (weapon) {elec, Will- rCorr Str+3 Dex+4}
   (You found it on level 4 of the Dungeon)

   Str+3:     It affects your strength (+3).
   Dex+4:     It affects your dexterity (+4).
   Will-:     It decreases your willpower.
   rCorr:     It protects you from acid and corrosion.
Missiles
 d - 13 poisoned darts
Armour
 c - a +0 cloak (worn)
 j - a +0 ring mail (worn)
 r - a +0 buckler (worn)
Jewellery
 b - a ring of resist corrosion
 z - a +6 ring of strength (right hand)
 D - a ring of see invisible (left hand)
Wands
 x - a wand of flame (28)
 E - a wand of paralysis (6)
 F - a wand of roots (6)
Scrolls
 g - 2 scrolls of brand weapon {unknown}
 h - a scroll of poison {unknown}
 k - 2 scrolls of enchant weapon {unknown}
 l - a scroll of vulnerability {unknown}
 o - 2 scrolls of teleportation {unknown}
 q - 2 scrolls of amnesia {unknown}
 v - 2 scrolls of identify {unknown}
 w - 2 scrolls of noise {unknown}
 H - 3 scrolls of immolation {unknown}
Potions
 a - 2 potions of enlightenment {unknown}
 f - 2 potions of mutation {unknown}
 i - a potion of berserk rage {unknown}
 m - 2 potions of brilliance {unknown}
 n - a potion of ambrosia {unknown}
 s - 3 potions of heal wounds {unknown}
 t - a potion of curing {unknown}
 u - a potion of resistance {unknown}
 A - a potion of degeneration {unknown}
 C - a potion of attraction {unknown}
 G - a potion of might {unknown}


   Skills:
 + Level 5.4 Fighting
 - Level 2.0(3.6) Short Blades
 + Level 4.7(4.9) Long Blades
 - Level 2.0 Throwing
 - Level 2.2 Dodging
 - Level 4.0 Stealth
 - Level 3.0 Shields


You had 6 spell levels left.
You didn't know any spells.
Your spell library contained the following spells:

 Spells                   Type           Power      Damage    Failure   Level
 Ensorcelled Hibernation  Hex/Ice        0%         N/A       71%         2
 Ozocubu's Armour         Ice            0%         N/A       91%         3
 Passwall                 Erth           0%         N/A       91%         3
 Swiftness                Air            0%         N/A       91%         3
 Metabolic Englaciation   Hex/Ice        0%         N/A       100%        5
 Sculpt Simulacrum        Ice/Alch       0%         N/A       100%        6


Dungeon Overview and Level Annotations

Branches:
Dungeon (6/15)
 Temple: D:4-7

Altars:

Shops:
D:4 *   D:5 (   D:6 =

Annotations:
D:1 1 exclusion
D:3 3 runed translucent doors, Jase's ghost, weakling MfGl; Splishie's ghost, amateur GnSh; knightboat's ghost, amateur DsGl


Innate Abilities, Weirdness & Mutations

You regain HP and MP as you explore.


Message History

The steam dragon misses you. x2
You slash the steam dragon!
The steam dragon is heavily wounded.
The grasping roots constrict the steam dragon!
The roots release their grip on the steam dragon.
The steam dragon closely misses you. The steam dragon barely misses you.
You closely miss the steam dragon.
The steam dragon is severely wounded.
A jelly comes into view.
The steam dragon breathes steam at you. The ball of steam hits you!!
You block the steam dragon's attack.
The steam dragon claws you but does no damage.
You slash the steam dragon!
The steam dragon is almost dead.
You are engulfed in a cloud of scalding steam.
The steam dragon bites you.
The steam dragon claws you but does no damage.
You closely miss the steam dragon.
The steam dragon is almost dead.
The steam dragon closely misses you.
The steam dragon claws you but does no damage.
You hit the steam dragon but do no damage.
The steam dragon is almost dead.
The steam dragon breathes steam at you. The ball of steam hits you!
* * * LOW HITPOINT WARNING * * *
Aiming: Paralyse
Press: ? - help, Shift-Dir - straight line, f/p - steam dragon
Aim: a steam dragon (almost dead, catching its breath, chance to affect: 49%)
Okay, then.
Throw: dart (curare)
Press: ? - help, Q - select action, (/) - cycle Shift-Dir - straight line, f/p - steam dragon
Aim: a steam dragon (almost dead, catching its breath, 63% to hit)
You throw a curare-tipped dart.
The curare-tipped dart barely misses the steam dragon.
The curare-tipped dart hits the jelly.
You are engulfed in a cloud of scalding steam.
* * * LOW HITPOINT WARNING * * *
The steam dragon closely misses you. The steam dragon claws you.
You die...

#................#
#.........(.....#
#...............+
#..)............####
#..................) .
#####...######.....)
...######...# #......
.....∩..§§#.# #......
#...J.D@§§#.# #......
#......§§§#)# #......
#.........#)######......
#.........#.##...#......
#.#########.##...#......
# #..#...#......
########..#...#......
#....................
#....................


You could see a steam dragon (catching breath) and a jelly.

Vanquished Creatures
  An ogre (D:6)
  A phantom (D:6)
  A scorpion (D:6)
  2 hounds
  A jelly (D:6)
  Ijyb (D:5)
  5 iguanas
  An orc wizard (D:5)
  8 gnolls
  4 adders
  A white imp (D:6)
  2 dart slugs
  2 ribbon worms (D:3)
  4 orcs
  8 endoplasms
  4 giant cockroaches
  4 goblins
  3 hobgoblins
  3 jackals (D:1)
  6 quokkas
  4 ball pythons
  11 bats
  2 frilled lizards
  5 kobolds
  22 rats
106 creatures vanquished.

Notes
Turn   | Place    | Note
-------+----------+-------------------------------------------
     0 | D:1      | whatisthis the Human Brigand began the quest for the Orb.
     0 | D:1      | Reached XP level 1. HP: 16/16 MP: 1/1
   233 | D:1      | Reached XP level 2. HP: 22/22 MP: 2/2
   389 | D:1      | Reached skill level 1 in Long Blades
   554 | D:1      | Reached XP level 3. HP: 28/28 MP: 3/3
  1389 | D:2      | Reached XP level 4. HP: 28/34 MP: 4/4
  1417 | D:2      | Reached skill level 3 in Fighting
  2067 | D:3      | Reached skill level 1 in Shields
  2081 | D:3      | Reached XP level 5. HP: 31/41 MP: 5/5
  2153 | D:3      | Found a runed translucent gate.
  2154 | D:3      | Found a runed translucent gate.
  2154 | D:3      | Found a runed translucent gate.
  2158 | D:3      | Noticed Splishie's ghost (amateur GnSh)
  2158 | D:3      | Noticed knightboat's ghost (amateur DsGl)
  2159 | D:3      | Noticed Jase's ghost (weakling MfGl)
  2390 | D:3      | Found a faded altar of an unknown god.
  2551 | D:4      | Found Wefah's General Store.
  2913 | D:4      | Identified the +3 long sword of the Immovable Orbs {elec,
                  | Will- rCorr Str+3 Dex+4}
  3136 | D:5      | Entered Level 5 of the Dungeon
  3199 | D:5      | Noticed Ijyb
  3200 | D:5      | Paralysed by Ijyb for 4 turns
  3209 | D:5      | Killed Ijyb
  3210 | D:5      | Reached XP level 6. HP: 48/48 MP: 6/6
  3449 | D:5      | Reached skill level 4 in Fighting
  3636 | D:5      | Found Bustur's Antique Weapon Emporium.
  3943 | D:6      | Reached XP level 7. HP: 55/55 MP: 7/7
  4150 | D:6      | Reached skill level 5 in Fighting
  4346 | D:6      | Found Doawigh's Jewellery Shoppe.
  4384 | D:6      | Noticed a steam dragon
  4395 | D:6      | HP: 1/56 [steam dragon] (4)]
  4395 | D:6      | Slain by a steam dragon

Illustrated notes

Levels and vault maps discovered:
D:1:      lemuel_arrival_broad_hall, layout_loops_ring, minmay_hexomino_r4
D:2:      layout_basic, minmay_rat_hole
D:3:      layout_basic, gammafunk_ghost_cemetery,
          shapermc_ecumenical_altar_mp_urbaneastern, st_stairs_9
D:4:      layout_basic, serial_shops, shop
D:5:      layout_loops_cross, serial_shops, shop, uniq_ijyb
D:6:      layout_basic, kennysheep_mini_moat, serial_shops, shop

Skill      XL: |  1  2  3  4  5  6  7 |
---------------+----------------------+-----
Long Blades    | 1 2 3 4 |  4.7
Dodging        | 2 |  2.2
Fighting       | 3 4 5 |  5.4
Shields        | 1 2 3 |  3.0
Short Blades   | |  2.0
Throwing       | |  2.0
Stealth        | |  4.0

Action                     |  1- 3 |  4- 6 |  7- 9 || total
---------------------------+-------+-------+-------++-------
  Melee: Dagger            |   124 |    12 |       ||   136
         Rapier            |       |    68 |       ||    68
         Long sword        |       |    43 |    29 ||    72
  Throw: Dart              |    14 |    32 |    13 ||    59
  Evoke: Wand              |       |       |     2 ||     2
   Stab: Sleeping          |     5 |     5 |     1 ||    11
 Armour: Robe              |    32 |       |       ||    32
         Ring mail         |    25 |    69 |    20 ||   114
  Dodge: Dodged            |    59 |    48 |    17 ||   124
  Block: Buckler           |       |    20 |     4 ||    24

Table legend: (Time is in decaauts)
 A = Elapsed time spent in this place.
 B = Non-inter-level travel time spent in this place.
 C = Inter-level travel time spent in this place.
 D = Time resting spent in this place.
 E = Time spent auto-exploring this place.
 F = Levels seen in this place.
 G = Mean time per level.
                   A        B        C        D        E       F      G
               +--------+--------+--------+--------+--------+-----+--------+
         Total |   4398 |   4259 |    139 |    335 |   2733 |   6 |  733.0 |
       Dungeon |   4398 |   4259 |    139 |    335 |   2733 |   6 |  733.0 |
               +--------+--------+--------+--------+--------+-----+--------+

Top non-repeatable levels by time:
     D:3: 963 daAuts
     D:1: 846 daAuts
     D:5: 730 daAuts
     D:2: 673 daAuts
     D:4: 645 daAuts
     D:6: 540 daAuts
